 Dungeon Crawl Stone Soup version 0.17-a0-483-g810ce3f (webtiles) character file.

19299 Hanyuu the Basher (level 12, -8/93 HPs)
             Began as a Gargoyle Gladiator on Apr 5, 2015.
             Was a High Priest of Makhleb.
             Mangled by Maud
             ... wielding a +2 glaive of venom
              (25 damage)
             ... on level 4 of the Lair of Beasts on Apr 8, 2015.
             The game lasted 01:15:41 (13234 turns).

Hanyuu the Basher (Gargoyle Gladiator)             Turns: 13234, Time: 01:15:41

Health: -8/93      AC: 26    Str: 20    XL:     12   Next: 67%
Magic:  21/21      EV: 10    Int: 15    God:    Makhleb [*****.]
Gold:   558        SH:  5    Dex: 11    Spells: 1 memorised, 20 levels left

rFire  . . .     SeeInvis .     w - +0 blowgun
rCold  . . .     Clarity  .     S - +0 chain mail
rNeg   + . .     SustAb   .     u - +0 buckler (curse)
rPois  ∞         Gourm    .     Y - +0 helmet {Int+3}
rElec  +         Spirit   .     x - +0 cloak {rPois}
rCorr  .         Warding  .     L - +0 pair of gloves
rMut   .         Stasis   .     B - +0 pair of boots
MR     .....                    X - amulet of Vitality {Regen+ HP+15}
Stlth  ..........               (no ring)
                                (no ring)

@: about to teleport, very slightly contaminated, not resistant to hostile
enchantments, extremely unstealthy
A: negative energy resistance 1, electricity resistance, unbreathing,
petrification resistance, rot immunity, AC +8
a: Minor Destruction, Lesser Servant of Makhleb, Major Destruction, Greater
Servant of Makhleb, Renounce Religion


You were on level 4 of the Lair of Beasts.
You worshipped Makhleb.
Makhleb was extremely pleased with you.
You were not hungry.

You visited 3 branches of the dungeon, and saw 15 of its levels.

You collected 558 gold pieces.

Inventory:

Hand weapons
 r - a +2 whip of electrocution
 w - a +0 blowgun (weapon)
Missiles
 d - 8 throwing nets
 v - 10 poisoned needles (quivered)
Armour
 b - a +0 leather armour
 c - a +1 helmet
 u - a cursed +0 buckler (worn)
 x - a +0 cloak of poison resistance (worn)
 B - a +0 pair of boots (worn)
 E - a +0 plate armour
 L - a +0 pair of gloves (worn)
 S - a +0 chain mail (worn)
 Y - a +0 helmet of intelligence (worn)
Magical staves
 W - an uncursed staff of air
Jewellery
 s - an uncursed amulet of resist mutation
 I - an uncursed amulet of guardian spirit
 X - the amulet of Vitality (around neck) {Regen+ HP+15}
   (You found it on level 1 of the Lair of Beasts)

   [amulet of regeneration]

   It affects your health (+15).
   It increases your rate of regeneration.
Magical devices
 a - a wand of enslavement (14)
 g - a wand of polymorph (4)
 i - a wand of slowing (25)
 p - a wand of frost (4)
 G - a wand of digging (16)
 K - a wand of flame (7)
 M - a wand of teleportation (3)
 R - a wand of random effects (27)
 V - a wand of cold (10)
Scrolls
 e - 5 scrolls of recharging
 l - 2 scrolls of fear
 n - a scroll of identify
 t - 3 scrolls of immolation
 O - a scroll of remove curse
 Q - a scroll of acquirement {unknown}
 T - a scroll of teleportation
Potions
 h - 4 potions of cancellation
 k - 2 potions of mutation
 q - a potion of restore abilities
 z - a potion of flight
 A - 2 potions of curing
 F - 2 potions of brilliance
 H - a potion of invisibility
 N - a potion of cure mutation {unknown}
 P - a potion of agility {unknown}
 U - a potion of poison
Books
 D - a book of Clouds

   Spells                             Type                      Level
   a - Mephitic Cloud                 Conjuration/Poison/Air       3
   b - Conjure Flame                  Conjuration/Fire             3
   c - Poisonous Cloud                Conjuration/Poison/Air       6
   d - Freezing Cloud                 Conjuration/Ice/Air          6
   e - Ring of Flames                 Charms/Fire                  7
Comestibles
 f - 5 bread rations
 j - 4 slices of pizza
 m - 2 royal jellies
 o - 2 beef jerkies


   Skills:
 * Level 10.4 Fighting
 * Level 11.6 Maces & Flails
 - Level 2.0 Throwing
 * Level 9.9 Armour
 + Level 5.3 Dodging
 - Level 6.0 Shields
 - Level 6.0 Spellcasting
 - Level 3.1 Conjurations
 - Level 1.2 Fire Magic
 + Level 2.2 Evocations


You had 20 spell levels left.
You knew the following spells:

 Your Spells              Type           Power        Failure   Level  Hunger
a - Conjure Flame         Conj/Fire      ##......     96%         3    ##.....


Dungeon Overview and Level Annotations

Branches:
Dungeon (9/15)             Temple (1/1) D:5            Lair (5/8) D:8
  Swamp: Lair:3-6    Shoals: Lair:3-6     Snake: Lair:3-6    Spider: Lair:3-6
    Orc: D:9-12

Altars:
Ashenzari
Cheibriados
Dithmenos
Elyvilon
Fedhas
Gozag
Kikubaaqudgha
Makhleb
Nemelex Xobeh
Okawaru
Qazlal
Ru
Sif Muna
Trog
Vehumet
Xom
Yredelemnul
Zin
The Shining One

Annotations:
Lair:4 Maud


Innate Abilities, Weirdness & Mutations

You are resistant to torment.
Your stone body is resilient (AC +8).
You are immune to poison.
You resist negative energy.
You are resistant to electric shocks.
You can survive without breathing.
You are immune to petrification.
You are immune to rotting.


Message History

Firing (i - inventory. (,) - cycle):
v - 12 poisoned needles (quivered)
Press: ? - help, Shift-Dir - straight line, f/p - Maud
Aim: Maud, wielding a glaive of venom, wearing a chain mail, wearing an amulet of rage and carrying a wand of teleportation {zapped: 3} (moderately wounded, poisoned)
You shoot a poisoned needle. The poisoned needle hits Maud!
Maud is moderately wounded.
Firing (i - inventory. (,) - cycle):
v - 11 poisoned needles (quivered)
Press: ? - help, Shift-Dir - straight line, f/p - Maud
Aim: Maud, wielding a glaive of venom, wearing a chain mail, wearing an amulet of rage and carrying a wand of teleportation {zapped: 3} (moderately wounded, poisoned)
You shoot a poisoned needle. The poisoned needle hits Maud!
Maud is moderately wounded.
Maud hits you from afar with a glaive of venom!!
* * * LOW HITPOINT WARNING * * *
You hear the quick rumble of an avalanche of rocks nearby.
Maud evokes her amulet.
Maud goes berserk!
Maud rages.
Read which item? (? for menu, Esc to quit)
As you read the scroll of teleportation, it crumbles to dust.
You feel strangely unstable. Maud hits you with a glaive of venom!!
You die...

###.##....P..(........#
.######....P.#....#####
.##.P##.P...P#....#
..........#.P....##
P#..#............##
#######...###P#...#
#... ##.## ####.## ...
### ##@.# ... #.@.# ..#
##.### ..# ###...# ..#
#.#.### ..# ######....#
..## #......<.## ...#
##....#### #..# ######
†..#


You could see Maud (berserk).

Vanquished Creatures
  Gastronok (Lair:2)
  2 hydras (Lair:1)
  The ghost of Fluffy the Blocker, an experienced MiFi (D:6)
  Pikel (D:5)
  A griffon (Lair:4)
  3 elephants (Lair:2)
  2 black mambas (Lair:1)
  5 spiny frogs
  A fire drake (Lair:1)
  2 komodo dragons
  Grinder (D:6)
  7 blink frogs
  A wandering mushroom (D:8)
  A two-headed ogre (D:5)
  Sigmund (D:6)
  6 yaks (Lair:3)
  Eustachio (D:5)
  11 wolves
  2 hippogriffs
  Menkaure (D:5)
  Edmund (D:6)
  6 water moccasins
  3 orc warriors
  3 sky beasts
  3 porcupines
  An ogre (D:6)
  3 phantoms
  2 centaurs
  A scorpion (D:5)
  5 necrophages (Lair:3)
  3 crocodiles
  10 giant frogs
  A water moccasin skeleton (D:8)
  5 killer bees (D:8)
  A centaur zombie (D:5)
  8 wights (D:6)
  A goliath beetle (D:8)
  3 crimson imps
  A giant frog zombie (D:6)
  7 hounds
  2 jellies (D:8)
  Crazy Yiuf (D:2)
  2 orc priests
  3 iguanas
  9 orc wizards
  A giant frog skeleton (D:5)
  15 sheep
  3 worker ants
  A mummy (D:7)
  53 river rats
  A worker ant zombie (D:7)
  16 adders
  10 gnolls
  A shadow imp (D:4)
  3 removed MONS_GIANT_MITEs
  A worm (D:2)
  An adder zombie (D:7)
  An adder skeleton (D:4)
  4 giant geckos
  2 oozes
  43 orcs
  A ball python (D:3)
  8 bats
  2 bat skeletons
  A bat zombie (D:6)
  5 giant cockroaches
  13 goblins
  19 hobgoblins
  10 jackals
  13 kobolds
  8 quokkas
  7 giant newts
  10 rats
  3 ballistomycetes
  5 fungi (D:8)
397 creatures vanquished.

Vanquished Creatures (others)
  A two-headed ogre (D:8)
  An ice beast (D:5)
  A slave (D:5)
  A bat (D:9)
  A giant newt (D:5)
  2 giant spores
  A plant (Lair:4)
8 creatures vanquished.

Grand Total: 405 creatures vanquished

Notes
Turn   | Place    | Note
--------------------------------------------------------------
     0 | D:1      | Hanyuu, the Gargoyle Gladiator, began the quest for the Orb.
     0 | D:1      | Reached XP level 1. HP: 12/12 MP: 1/1
    66 | D:1      | Reached XP level 2. HP: 6/18 MP: 2/2
   323 | D:1      | Reached XP level 3. HP: 18/22 MP: 3/3
   525 | D:1      | Reached skill level 4 in Maces & Flails
   810 | D:2      | Reached XP level 4. HP: 27/27 MP: 4/4
  1642 | D:2      | Reached skill level 1 in Armour
  2090 | D:3      | Reached XP level 5. HP: 18/32 MP: 5/5
  2656 | D:3      | Reached skill level 5 in Maces & Flails
  3112 | D:2      | Noticed Crazy Yiuf
  3180 | D:2      | Killed Crazy Yiuf
  3180 | D:2      | Reached XP level 6. HP: 5/38 MP: 6/6
  3550 | D:4      | Upgraded the game from 0.17-a0-435-gc4df345 to 0.17-a0-483-g810ce3f
  4206 | D:4      | Reached skill level 6 in Maces & Flails
  4406 | D:5      | Entered Level 5 of the Dungeon
  4464 | D:5      | Noticed a two-headed ogre
  4489 | D:5      | Killed a two-headed ogre
  4489 | D:5      | Reached skill level 1 in Shields
  4489 | D:5      | Reached XP level 7. HP: 14/44 MP: 7/7
  4868 | D:5      | Noticed Pikel
  4941 | D:5      | Killed Pikel
  4941 | D:5      | Reached skill level 5 in Fighting
  4941 | D:5      | Reached skill level 7 in Maces & Flails
  4941 | D:5      | Reached skill level 1 in Spellcasting
  4941 | D:5      | Reached XP level 8. HP: 24/49 MP: 7/10
  5029 | D:5      | Noticed Menkaure
  5160 | D:5      | Killed Menkaure
  5324 | D:5      | Found a staircase to the Ecumenical Temple.
  5380 | D:5      | Noticed Eustachio
  5388 | D:5      | Killed Eustachio
  5777 | Temple   | Entered the Ecumenical Temple
  5829 | Temple   | Became a worshipper of Makhleb the Destroyer
  5849 | D:6      | Noticed Sigmund
  5862 | D:6      | Killed Sigmund
  5862 | D:6      | Reached skill level 8 in Maces & Flails
  5875 | D:6      | Noticed Fluffy's ghost (experienced MiFi)
  5967 | D:6      | Reached XP level 9. HP: 48/55 MP: 12/12
  6038 | D:6      | Reached skill level 5 in Armour
  6142 | D:6      | Killed Fluffy's ghost
  6142 | D:6      | Reached skill level 9 in Maces & Flails
  6193 | D:6      | Noticed Grinder
  6208 | D:6      | Reached skill level 5 in Shields
  6222 | D:6      | Killed Grinder
  6222 | D:6      | Acquired Makhleb's first power
  6469 | D:6      | Noticed Edmund
  6492 | D:6      | Killed Edmund
  6524 | D:6      | Reached XP level 10. HP: 50/63 MP: 13/15
  6898 | D:7      | Acquired Makhleb's second power
  7503 | D:7      | Found an opulent altar of Gozag.
  7615 | D:8      | Acquired Makhleb's third power
  8357 | D:8      | Found a staircase to the Lair.
  8450 | Lair:1   | Entered Level 1 of the Lair of Beasts
  8662 | Lair:1   | Learned a level 3 spell: Conjure Flame
  8918 | Lair:1   | Acquired Makhleb's fourth power
  9026 | Lair:1   | Reached skill level 1 in Conjurations
  9049 | Lair:1   | Reached skill level 10 in Maces & Flails
  9353 | Lair:1   | Noticed a black mamba
  9364 | Lair:1   | Killed a black mamba
  9364 | Lair:1   | Reached skill level 5 in Spellcasting
  9364 | Lair:1   | Reached XP level 11. HP: 69/69 MP: 18/18
  9715 | Lair:1   | Noticed a black mamba
  9724 | Lair:1   | Killed a black mamba
  9801 | Lair:2   | Noticed an eight-headed hydra
  9990 | D:8      | You fall through a shaft!
 10376 | Lair:1   | Killed an eight-headed hydra
 10376 | Lair:1   | Reached skill level 1 in Fire Magic
 10556 | Lair:1   | Noticed a six-headed hydra
 10639 | Lair:1   | Killed a six-headed hydra
 10707 | Lair:2   | Noticed Gastronok
 10858 | Lair:2   | Killed Gastronok
 11072 | Lair:2   | Reached XP level 12. HP: 76/76 MP: 21/21
 11215 | Lair:2   | Reached skill level 11 in Maces & Flails
 11241 | Lair:2   | Acquired Makhleb's fifth power
 11384 | Lair:2   | Reached skill level 5 in Dodging
 11768 | Lair:3   | Reached skill level 1 in Evocations
 11875 | Lair:3   | Reached skill level 10 in Fighting
 12660 | Lair:4   | Noticed Maud
 13186 | Lair:4   | Noticed a four-headed hydra
 13234 | Lair:4   | Mangled by Maud

Action                   |  1- 3 |  4- 6 |  7- 9 | 10-12 || total
-------------------------+-------+-------+-------+-------++-------
Melee: Flail             |    28 |    78 |    15 |    75 ||   196
       Spear             |    56 |    46 |       |       ||   102
       Whip              |    18 |    92 |   168 |  1190 ||  1468
       Hammer            |       |   186 |   111 |       ||   297
 Fire: Blowgun           |       |    18 |       |    30 ||    48
 Cast: Conjure Flame     |       |       |       |     2 ||     2
  Use: Scroll            |     4 |     7 |     1 |    12 ||    24
       Potion            |       |       |     3 |     3 ||     6
  Eat: Chunk             |       |    10 |     7 |    15 ||    32
       Pizza             |       |     1 |       |       ||     1
       Beef jerky        |       |       |       |     1 ||     1
       Fruit             |       |       |       |     7 ||     7
       Meat ration       |       |       |       |     1 ||     1
